 Dungeon Sprint DCSS version 0.32-a0-558-g233958a4c4 (webtiles) character file.

Game seed: 10463413389716772253

5391 shadowstone the Severer (level 10, -1/10 HPs)
             Began as a Minotaur Fighter on Feb 29, 2024.
             Was the Champion of Lugonu.
             Killed from afar by a starcursed mass (7 damage)
             ... with an accursed screaming
             ... in the Dungeon (Sprint V: "Ziggurat Sprint").
             The game lasted 00:06:48 (419 turns).

shadowstone the Severer (Minotaur Fighter)           Turns: 419, Time: 00:06:48

Health: -1/10      AC: 32    Str: 37    XL:     10   Next: 39%
Magic:  9/9        EV: 19    Int:  5    God:    Lugonu [******]
Gold:   0          SH: 30    Dex: 10    Spells: 9/9 levels left

rFire   . . .        D - +16 obsidian axe {drain, demonic, Mesm ^Drain Fly SInv}
rCold   + . .        C - +18 shield of the Gong {Loud rN+ Will+ rCorr EV-5}
rNeg    + + +        B - +15 Maxwell's patent armour {-Cast -Tele rElec Will+ rCorr}
rPois   ∞            (helmet restricted)
rElec   +            F - +0 cloak {rCorr}
rCorr   +            (no gloves)
SInv    +            (no boots)
Will    ++++.        G - amulet "Pukuelib" {Acrobat +Inv Will+} Stlth
                     y - +6 ring of strength
HPRegen 0.21/turn    z - +6 ring of strength
MPRegen 0.11/turn

%: no teleportation, no spellcasting, acrobat
@: death-form, acrobatic, flying, mesmerised, studying Spellcasting
A: vile attack, torment immunity, no potions, reduced hp, horns 2, retaliatory
headbutt
a: Siphon Essence, Begin Untransformation, Renounce Religion, Evoke
Invisibility, Banish, Corrupt, Brand Weapon With Distortion


You were in the Dungeon.
You worshipped Lugonu.
Lugonu was exalted by your worship.
You were an undying horror.
You visited 1 branch

Inventory:

Hand Weapons
 A - the +27 heavy crossbow "Sniper" {heavy, Acc+∞ SInv}
   (You found it in the Dungeon)

   Acc+∞: It never misses its target.
   SInv:      It lets you see invisible.
 D - the +16 obsidian axe (weapon) {drain, demonic, Mesm ^Drain Fly SInv}
   (You found it in the Dungeon)

   Mesm:      Its wielder is mesmerised by any visible foes, and it cannot be
   unequipped while any foes are visible.
   SInv:      It lets you see invisible.
   Fly:       It grants you flight.
   ^Drain:    It drains your maximum health when unequipped.
 Q - the +11 sling "Dragon's Tongue" {drain, Dex+2}
   (You found it in the Dungeon)

   Dex+2:     It affects your dexterity (+2).
Armour
 a - a +0 scale mail
 b - a +0 buckler
 B - the +15 Maxwell's patent armour (worn) {-Cast -Tele rElec Will+ rCorr}
   (You found it in the Dungeon)

   rElec:     It insulates you from electricity.
   Will+:     It increases your willpower.
   -Cast:     It prevents spellcasting.
   -Tele:     It prevents most forms of teleportation.
   rCorr:     It protects you from acid and corrosion.
 C - the +18 shield of the Gong (worn) {Loud rN+ Will+ rCorr EV-5}
   (You found it in the Dungeon)

   Loud:      It is deafeningly noisy when blocking attacks.
   EV-5:      It affects your evasion (-5).
   rN+:       It protects you from negative energy.
   Will+:     It increases your willpower.
   rCorr:     It protects you from acid and corrosion.
 F - a +0 cloak of preservation (worn)
Jewellery
 t - a ring of flight
 u - a +6 ring of dexterity
 v - a +6 ring of dexterity
 w - a +6 ring of intelligence
 x - a +6 ring of intelligence
 y - a +6 ring of strength (left hand)
 z - a +6 ring of strength (right hand)
 E - an amulet of faith
 G - the amulet "Pukuelib" (around neck) {Acrobat +Inv Will+}
   (You found it in the Dungeon)

   [amulet of the acrobat]

   Acrobat:   It increases your evasion while moving and waiting.
   Will+:     It increases your willpower.
   +Inv:      It lets you turn invisible.
 H - a +4 ring of protection
 I - a ring of protection from fire
 O - a +4 ring of protection
 P - the ring "Wief" {Str-4 Dex+7 SInv}
   (You found it in the Dungeon)

   [ring of see invisible]

   Str-4:     It affects your strength (-4).
   Dex+7:     It affects your dexterity (+7).
   SInv:      It lets you see invisible.
Talismans
 J - a talisman of death (active)
Wands
 r - a wand of mindburst (7)
 s - a wand of light (7)
 K - a wand of flame (15)
 L - a wand of roots (5)
 M - a wand of paralysis (7)
Scrolls
 i - 4 scrolls of blinking
 j - 4 scrolls of amnesia
 k - 7 scrolls of fog
 l - 5 scrolls of identify
 m - 2 scrolls of fear
 N - a scroll of brand weapon (quivered)
Potions
 c - 6 potions of might
 d - 10 potions of curing
 e - 10 potions of heal wounds
 f - 6 potions of haste
 g - 7 potions of magic
 h - 3 potions of berserk rage
 n - 2 potions of brilliance
 o - 2 potions of invisibility
 p - 4 potions of resistance
 q - a potion of experience


   Skills:
 + Level 13.5 Fighting
 + Level 17.5 Axes
 + Level 12.0 Armour
 + Level 2.2 Dodging
 + Level 1.5 Stealth
 + Level 15.2 Shields
 + Level 4.3 Unarmed Combat
 + Level 2.6 Shapeshifting


You had 9 spell levels left.
You didn't know any spells.
Your spell library contained the following spells:

 Spells                   Type           Power      Damage    Failure   Level
 Sandblast                Erth           0%         2d4       97%         1
 Shock                    Conj/Air       0%         1d3       97%         1
 Confusing Touch          Hex            0%         N/A       100%        3
 Inner Flame              Hex/Fire       0%         N/A       100%        3
 Mephitic Cloud           Conj/Alch/Air  0%         N/A       100%        3
 Passwall                 Erth           0%         N/A       100%        3
 Stone Arrow              Conj/Erth      0%         3d7       100%        3
 Tukima's Dance           Hex            0%         N/A       100%        3
 Animate Dead             Necr           0%         N/A       100%        4
 Brom's Barrelling Bould  Conj/Erth      0%         2d3       100%        4
 Flame Wave               Conj/Fire      0%         2d4       100%        4
 Passage of Golubria      Tloc           0%         N/A       100%        4
 Sticky Flame             Fire/Alch      0%         2d4       100%        4
 Arcjolt                  Conj/Air       0%         1d10      100%        5
 Borgnjor's Vile Clutch   Necr/Erth      0%         N/A       100%        5
 Iskenderun's Battlesphe  Conj           0%         2d6       100%        5
 Yara's Violent Unravell  Hex/Alch       0%         3d3       100%        5
 Bombard                  Conj/Erth      0%         9d1       100%        6
 Haunt                    Necr/Summ      0%         N/A       100%        7
 Infestation              Necr           0%         N/A       100%        8


Dungeon Overview and Level Annotations

Branches:
Dungeon (1/1)

Altars:
Ashenzari
Cheibriados
Dithmenos
Elyvilon
Fedhas
Gozag
Hepliaklqana
Kikubaaqudgha
Makhleb
Nemelex Xobeh
Okawaru
Qazlal
Ru
Sif Muna
Trog
Uskayaw
Vehumet
Wu Jian
Xom
Yredelemnul
Zin
The Shining One
Beogh
Jiyva
Lugonu

Annotations:
D 1 transporter


Innate Abilities, Weirdness & Mutations

You are an undying horror.
Your melee and unarmed attacks drain, slow and weaken victims.
You are immune to unholy pain and torment.
You cannot drink.
Your maximum health is decreased, since you lack skill for your form.
You are immune to poison.
You have a pair of horns on your head.
You reflexively headbutt those who attack you in melee.


Message History

You enter the transporter and appear at another place.
A crimson imp, 2 raiju, a starcursed mass, a quasit, 2 shadow imps, an iron imp and a white imp come into view.
Visions of slaying the shadow imp flood into your mind.
The raiju barks!
The crimson imp shouts!
The quasit gives a chilling moan.
The iron imp shouts, "Escape, thou grime-gilt fob-snatching bootlicker!"
A starcursed mass splits.
The white imp summons a swarm of flies.
Your soul eater draws from the surrounding life force!
Found eight items.
Found a transporter.
The raiju bursts into living lightning!
The living lightning hits the quasit!
The living lightning hits your chaos spawn.
The living lightning hits you. You resist.
The raiju blinks!
A starcursed mass splits.
You slash the raiju!
The raiju decays.
You drain the raiju.
The raiju is almost dead.
Visions of slaying the raiju flood into your mind.
The quasit misses your chaos spawn. The quasit claws your chaos spawn.
The quasit claws your chaos spawn but does no damage.
Your ice devil misses the quasit.
The crimson imp blinks!
Your chaos spawn barely misses the raiju.
The white imp hits your ice devil. The white imp freezes your ice devil.
Your ice devil completely resists.
Your soul eater hits the quasit!!
The quasit dies!
Lugonu accepts your kill. The iron imp hits your chaos spawn!
You cannot move away from the raiju!
You cannot move away from the raiju!
Unknown command.
You cannot move away from the raiju!
You cannot move away from the raiju!
Unknown command.
You cannot move away from the raiju!
You cannot move away from the raiju!
You cannot move away from the raiju!
A chorus of shrieks assaults your mind.
Ouch! That really hurt!
You die...

▓▓▓▓▓▓▓▓▓▓▓▓▓▓▓▓▓▓▓
▓...ß©ß...▓
▓..[/)X|..▓
▓...[§X/..▓
▓....5.X..▓
▓..5h.55..▓
▓...344...▓
▓...44.5..▓
▓.▓.z.3.▓.▓
▓....h....▓
▓▓▓▓▓▓▓▓▓▓▓


You could see 3 starcursed masses, 2 raiju, an iron imp (ally target), a crimson
imp, a white imp (ally target), 2 shadow imps, 2 friendly soul eaters, a
friendly orange demon (summoned), a friendly ice devil (summoned, misshapen), a
friendly rust devil (summoned) and a friendly chaos spawn (summoned).

Vanquished Creatures
  An ugly thing (D)
  An eye of devastation (D)
  A rime drake (shapeshifter) (D)
  A troll (D)
  A guardian mummy (D)
  A tarantella (D)
  A spriggan (D)
  A wyvern (shapeshifter) (D)
  A small abomination (D)
  A black bear (D)
  An ogre (D)
  A wolf (D)
  A scorpion (D)
  A wight (D)
  A crimson imp (D)
  2 quasits (D)
  A mummy (D)
  A shadow imp (D)
  An adder zombie (D)
  2 bat zombies (D)
  An endoplasm (D)
23 creatures vanquished.

Vanquished Creatures (collateral kills)
  2 two-headed ogres (D)
  A shining eye (D)
  An ugly thing (D)
  A slime creature (D)
  A spriggan (D)
  A golden eye (D)
  A wolf (D)
  A wight (D)
  A crimson imp (D)
  2 quasits (D)
  2 jellies (D)
  5 mummies (D)
  A shadow imp (D)
  A ball python skeleton (D)
  A quokka skeleton (D)
22 creatures vanquished.

Grand Total: 45 creatures vanquished

Notes
Turn   | Place    | Note
-------+----------+-------------------------------------------
     0 | D        | shadowstone the Minotaur Fighter began the quest for the
                  | Orb.
     0 | D        | Reached XP level 1. HP: 19/19 MP: 0/0
     0 | D        | Found a blossoming altar of Fedhas.
     0 | D        | Found the +6 Majin-Bo {spellvamp, MP+6 Int+6}
     0 | D        | Found the +27 heavy crossbow "Sniper" {heavy, Acc+∞ SInv}
     0 | D        | Found the +10 dark maul {heavy}
     0 | D        | Found the +15 Maxwell's patent armour {-Cast -Tele rElec
                  | Will+ rCorr}
     0 | D        | Found the +18 shield of the Gong {Loud rN+ Will+ rCorr
                  | EV-5}
     0 | D        | Found the +16 obsidian axe {drain, demonic, Mesm ^Drain Fly
                  | SInv}
     0 | D        | Found the +7 great mace "Firestarter" {flame, immolate,
                  | rFlCloud rF++}
     0 | D        | Found the +6 shillelagh "Devastator" {shatter}
     0 | D        | Found the +11 plutonium sword {^Contam Stlth-}
     0 | D        | Found the +8 lance "Wyrmbane" {slay drac, rPois rF+ rC+
                  | AC+3}
     0 | D        | Found the +9 sword of Zonguldrok {reap}
     0 | D        | Found the +13 scythe of Curses {drain, curses, ^Drain}
     0 | D        | Found the +9 sword of Power {lifebolt}
     0 | D        | Found the +7 mace of Variability {chaos, chaos arc}
     0 | D        | Found the +11 Singing Sword {sonic wave}
     0 | D        | Found the +8 storm bow {elec, penet}
     1 | D        | Found a transporter.
     1 | D        | Found a viscous altar of Jiyva.
     1 | D        | Found an ancient bone altar of Kikubaaqudgha.
     1 | D        | Found a hazy altar of Hepliaklqana.
     1 | D        | Found a corrupted altar of Lugonu.
     1 | D        | Found an opulent altar of Gozag.
     1 | D        | Found a burning altar of Makhleb.
     2 | D        | Found a sacrificial altar of Ru.
     2 | D        | Found a shimmering blue altar of Sif Muna.
     2 | D        | Found a stormy altar of Qazlal.
     2 | D        | Found a bloodstained altar of Trog.
     2 | D        | Found an iron altar of Okawaru.
     2 | D        | Found a sparkling altar of Nemelex Xobeh.
   119 | D        | Became a worshipper of Lugonu the Unformed
   138 | D        | Entered arena 2.
   138 | D        | Noticed a tarantella
   138 | D        | Noticed a scorpion
   138 | D        | Found a transporter.
   140 | D        | Killed a tarantella
   141 | D        | Reached skill level 3 in Axes
   141 | D        | Reached XP level 2. HP: 21/35 MP: 1/1
   141 | D        | Reached XP level 3. HP: 24/40 MP: 2/2
   141 | D        | Reached XP level 4. HP: 29/48 MP: 3/3
   141 | D        | Reached XP level 5. HP: 32/53 MP: 4/4
   167 | D        | Entered arena 3.
   167 | D        | Found the +4 consecrated labrys {holy, Valiant ^Fragile Fly
                  | SInv}
   167 | D        | Found a transporter.
   173 | D        | Reached * piety under Lugonu
   173 | D        | Reached ** piety under Lugonu
   174 | D        | Reached skill level 4 in Axes
   174 | D        | Reached XP level 6. HP: 49/63 MP: 5/5
   183 | D        | Entered arena 4.
   183 | D        | Noticed a two-headed ogre
   183 | D        | Noticed a two-headed ogre
   183 | D        | Noticed a troll
   183 | D        | Found a transporter.
   187 | D        | Killed a troll
   188 | D        | Reached skill level 7 in Axes
   188 | D        | Reached skill level 10 in Shields
   188 | D        | Reached XP level 7. HP: 54/71 MP: 6/6
   188 | D        | Killed a two-headed ogre
   189 | D        | Reached skill level 10 in Axes
   189 | D        | Reached skill level 10 in Armour
   189 | D        | Reached XP level 8. HP: 63/82 MP: 7/7
   189 | D        | Reached *** piety under Lugonu
   189 | D        | Killed a two-headed ogre
   190 | D        | Reached skill level 12 in Axes
   196 | D        | Got the amulet "Pukuelib" {Acrobat +Inv Will+}
   248 | D        | Entered arena 5.
   248 | D        | Noticed a white ugly thing
   248 | D        | Noticed a cyan ugly thing
   248 | D        | Found a transporter.
   250 | D        | a wyvern changed into a rime drake
   250 | D        | Noticed a rime drake (shapeshifter)
   256 | D        | Killed a white ugly thing
   256 | D        | Killed a rime drake
   257 | D        | Reached skill level 14 in Axes
   257 | D        | Reached skill level 1 in Dodging
   257 | D        | Reached XP level 9. HP: 9/91 MP: 8/8
   257 | D        | Killed a cyan ugly thing
   258 | D        | Reached skill level 1 in Shapeshifting
   269 | D        | Entered arena 6.
   269 | D        | Found a transporter.
   271 | D        | Reached **** piety under Lugonu
   272 | D        | Reached skill level 15 in Axes
   289 | D        | Entered arena 7.
   290 | D        | Found a transporter.
   291 | D        | Reached ***** piety under Lugonu
   307 | D        | Got the Octavo of the Gargoyle
   316 | D        | Entered arena 8.
   317 | D        | Found a transporter.
   322 | D        | Reached skill level 16 in Axes
   322 | D        | Reached ****** piety under Lugonu
   353 | D        | Entered arena 9.
   353 | D        | Noticed a guardian mummy
   354 | D        | Found a transporter.
   359 | D        | Killed a guardian mummy
   360 | D        | Reached XP level 10. HP: 10/101 MP: 9/9
   372 | D        | Got the ring "Wief" {Str-4 Dex+7 SInv}
   374 | D        | Got the +11 sling "Dragon's Tongue" {drain, Dex+2}
   382 | D        | Entered arena 10.
   382 | D        | Noticed a shining eye
   382 | D        | Noticed an eye of devastation
   383 | D        | Found a transporter.
   387 | D        | Killed an eye of devastation
   388 | D        | Reached skill level 1 in Stealth
   389 | D        | Killed a shining eye
   390 | D        | Reached skill level 17 in Axes
   390 | D        | Reached skill level 15 in Shields
   392 | D        | Got the Secrets of the Overcast Wyrd
   394 | D        | Got the Anthology of Confrontation
   416 | D        | Entered arena 11.
   416 | D        | Found the crystal ball of Wucad Mu {*channel}
   416 | D        | Noticed a starcursed mass
   417 | D        | Found a transporter.
   419 | D        | Killed from afar by a starcursed mass

Illustrated notes

Levels and vault maps discovered:
D:        sprint_v [room_start, room_1, room_2, room_3, room_4, room_5, room_6,
          room_7, room_8, room_9, room_10, room_11, room_12, room_13, room_14,
          room_15, room_16, room_17, room_18, room_19, room_20, room_21,
          room_22, room_23, room_24, room_25, room_26, room_27]

Skill      XL: |  1  2  3  4  5  6  7  8  9 10 |
---------------+-------------------------------+-----
Fighting       | 8 9 11 12 13 | 13.5
Axes           | 3 4 7 10 14 16 17 | 17.5
Armour         | 7 8 9 10 11 12 | 12.0
Shields        | 8 9 10 11 13 14 15 | 15.2
Unarmed Combat | 3 4 |  4.3
Dodging        | 1 2 |  2.2
Shapeshifting  | 1 2 |  2.6
Stealth        | 1 |  1.5

Action                     |  1- 3 |  4- 6 |  7- 9 | 10-12 || total
---------------------------+-------+-------+-------+-------++-------
  Melee: Broad axe         |     2 |     9 |    14 |     4 ||    29
         Headbutt          |       |     1 |     2 |     1 ||     4
   Stab: Distracted        |       |       |     1 |     1 ||     2
 Armour: Plate armour      |     2 |    25 |     4 |     1 ||    32
  Dodge: Dodged            |       |     3 |     2 |       ||     5
  Block: Kite shield       |     4 |    21 |    22 |     2 ||    49
   Form: Death             |       |       |     1 |       ||     1

Table legend: (Time is in decaauts)
 A = Elapsed time spent in this place.
 B = Non-inter-level travel time spent in this place.
 C = Inter-level travel time spent in this place.
 D = Time resting spent in this place.
 E = Time spent auto-exploring this place.
 F = Levels seen in this place.
 G = Mean time per level.
                   A        B        C        D        E       F      G
               +--------+--------+--------+--------+--------+-----+--------+
         Total |    421 |    421 |      0 |      0 |      1 |   1 |  421.0 |
       Dungeon |    421 |    421 |      0 |      0 |      1 |   1 |  421.0 |
               +--------+--------+--------+--------+--------+-----+--------+

Top non-repeatable levels by time:
       D: 421 daAuts
